Selects Indian Artillery Battlegroup
Selects Indian Artillery Battlegroup
Construct Section Command Post
Construct Platoon Command Post
Selects Towed ML 4.2-inch Heavy Mortar
Towed ML 4.2-inch Heavy Mortar
Selects Off-map Airburst Barrage
6-pounder Anti-tank Gun Team
Towed ML 4.2-inch Heavy Mortar
6-pounder Anti-tank Gun Team
Selects Perimeter Monitor
Construct Company Command Post
Unlock Towed 17-pounder Anti-tank Guns
17-pounder Anti-tank Gun Team
Towed ML 4.2-inch Heavy Mortar
Selects Gurkha Rifles Section